 Dungeon Crawl Stone Soup version 0.31.0-11-ge490571c62 (webtiles) character file.

Game seed: 9999108422209462549

55 qw the Shooter (level 3, 0/20 HPs)
             Began as a Deep Elf Hunter on Feb 3, 2024.
             Slain by a goblin
             ... wielding a +0 club
             ... led by Robin
              (4 damage)
             ... on level 2 of the Dungeon.
             The game lasted 00:00:03 (714 turns).

qw the Shooter (Deep Elf Hunter)                     Turns: 714, Time: 00:00:03

Health: 0/20       AC:  5    Str: 10    XL:     3   Next: 67%
Magic:  5/5        EV: 11    Int: 13    God:
Gold:   55         SH:  0    Dex: 18    Spells: 2/2 levels left

rFire   . . .        a - +0 shortbow
rCold   . . .        (shield currently unavailable)
rNeg    . . .        e - +0 ring mail
rPois   .            (no helmet)
rElec   .            (no cloak)
rCorr   .            (no gloves)
SInv    .            (no boots)
Will    .....        (no amulet)
Stlth   +            (no ring)
HPRegen 0.23/turn    (no ring)
MPRegen 0.09/turn

%: no passive effects
@: no status effects
A: no striking features
a: no special abilities


You were on level 2 of the Dungeon.
You visited 1 branch of the dungeon, and saw 2 of its levels.

You collected 55 gold pieces.


   Skills:
 - Level 1.5 Fighting
 + Level 7.2 Ranged Weapons
 - Level 2.4 Dodging
 - Level 1.2 Stealth


You had 2 spell levels left.
You didn't know any spells.
Your spell library was empty.

Inventory:

Hand Weapons
 a - a +0 shortbow (weapon)
Armour
 e - a +0 ring mail (worn)
Potions
 d - a potion of curing
 f - 2 potions of resistance {unknown}

Dungeon Overview and Level Annotations

Branches:
Dungeon (2/15)

Altars:

Annotations:
D:2 Robin


Message History

You shoot an arrow. The goblin shouts!
The arrow hits the goblin.
You kill the goblin!
Robin of the Strong Arm comes into view.
They are wielding a +0 dagger.
An adder comes into view.
A hobgoblin comes into view.
You shoot an arrow. The arrow hits the goblin.
The goblin is moderately wounded.
You shoot an arrow. The arrow hits the goblin.
You kill the goblin!
You shoot an arrow. The arrow hits the goblin.
The goblin is moderately wounded.
The goblin hits you but does no damage.
You shoot an arrow. The arrow barely misses the goblin.
The arrow closely misses the goblin.
The arrow hits the hobgoblin but does no damage.
The goblin hits you with a +0 club. Robin throws the goblin at you!
You shoot an arrow. The arrow closely misses the goblin.
The arrow hits the goblin!
You kill the goblin!
The goblin misses you. The goblin closely misses you.
The goblin barely misses you.
Robin roars a battlecry!
The goblins go into a battle-frenzy!
You shoot an arrow. The arrow hits the hobgoblin.
The hobgoblin is severely wounded.
The goblin barely misses you. x2; The hobgoblin misses you.
You shoot an arrow. The arrow hits the hobgoblin!
You kill the hobgoblin!
The goblin closely misses you. The goblin hits you with a +0 club.
Robin throws the goblin at you! The adder barely misses you.
You shoot an arrow. The arrow hits the adder.
The adder is moderately wounded.
The adder closely misses you. The goblin barely misses you.
The goblin hits you with a +0 club. The goblin hits you with a +0 dagger.
You shoot an arrow. The arrow hits the adder!
You kill the adder!
The goblin barely misses you. The goblin hits you with a +0 dagger.
The goblin hits you with a +0 club.
You die...

#.#%###.###.#### >.
#.#.###.##.....##.
#.......##.......#
....###.##.....#.# #.#.#
#.##.......# #.#.#
#.##.......#
#.#.###.##.......# .
........##.....gg###....
#.#.##.........g@g)g)...
#.#......%...#####wg#...
....##........# ##
.......##..#.....
#...##.##.....#.#
#...##.##..#......
#...##.....#.##.##
#.#.....#..# # .# #...
..


You could see a ribbon worm, Robin, a hobgoblin (strong) and 4 goblins.

Vanquished Creatures
  A gnoll (D:1)
  2 adders (D:2)
  A dart slug (D:1)
  A ball python (D:1)
  2 endoplasms (D:1)
  A giant cockroach (D:1)
  5 goblins
  5 hobgoblins
  3 jackals (D:1)
  2 quokkas
  4 bats (D:1)
  A frilled lizard (D:1)
  2 kobolds (D:1)
  3 rats
33 creatures vanquished.

Notes
Turn   | Place    | Note
-------+----------+-------------------------------------------
     0 | D:1      | qw the Deep Elf Hunter began the quest for the Orb.
     0 | D:1      | Reached XP level 1. HP: 12/12 MP: 3/3
     0 | D:1      | 0 ||| qw: Version: 0.3-a-157-g843a77d
     0 | D:1      | 0 ||| qw: Game counter: 3569
     0 | D:1      | 0 ||| qw: Melee chars always use a shield: true
     0 | D:1      | 0 ||| qw: God list: Okawaru
     0 | D:1      | 0 ||| qw: Allow faded altars: false
     0 | D:1      | 0 ||| qw: Do Orc after clearing Dungeon:15 true
     0 | D:1      | 0 ||| qw: Do second Lair branch before Depths: true
     0 | D:1      | 0 ||| qw: Lair rune preference: random
     0 | D:1      | 0 ||| qw: Goals: Normal
     0 | D:1      | 0 ||| PLANNING D:1-11
   179 | D:1      | Reached XP level 2. HP: 16/16 MP: 4/4
   183 | D:1      | Reached skill level 6 in Ranged Weapons
   286 | D:1      | Reached XP level 3. HP: 20/20 MP: 5/5
   582 | D:1      | 582 ||| UPGRADING to +0 ring mail.
   592 | D:1      | 592 ||| DROPPING +0 leather armour.
   593 | D:1      | 593 ||| DRINKING 2 clear potions.
   594 | D:1      | 594 ||| DROPPING scroll of butterflies.
   674 | D:2      | Reached skill level 7 in Ranged Weapons
   705 | D:2      | Noticed Robin
   714 | D:2      | HP: 4/20 [goblin/+0 dagger[Robin] (5)]
   714 | D:2      | Slain by a goblin

Levels and vault maps discovered:
D:1:      dpeg_arrival_orchard, layout_loops_ring, serial_bayou,
          serial_bayou_pond_e, serial_bayou_pond_d, serial_bayou_ford_a,
          serial_bayou_lagoon_a, serial_bayou_lake_a
D:2:      layout_basic, serial_shops, shop, serial_bayou_pond_d, st_stairs_7,
          uniq_robin

Skill      XL: |  1  2  3 |
---------------+----------+-----
Ranged Weapons | 6 7 |  7.2
Fighting       | |  1.5
Dodging        | |  2.4
Stealth        | |  1.2

Action                     || total
---------------------------++-------
   Fire: Shortbow          ||    73
    Use: Potion            ||     1
 Armour: Leather armour    ||     5
         Ring mail         ||     9
  Dodge: Dodged            ||    17

Table legend:
 A = Non-vault XP
 B = Vault XP
 C = Vault XP percentage of total XP
 D = Non-vault monster count
 E = Vault monster count
 F = Vault count percentage of total count
                 A         B        C        D         E       F
            +---------+---------+-------+---------+---------+-------
      Total |      85 |       7 |   7.6 |      29 |       4 |  12.1
            +---------+---------+-------+---------+---------+-------
        D:1 |      54 |       0 |   0.0 |      24 |       0 |   0.0
        D:2 |      31 |       7 |  18.4 |       5 |       4 |  44.4
            +---------+---------+-------+---------+---------+-------
